 Dungeon Sprint DCSS version 0.22-a0-848-ge9e22a0 (webtiles) character file.

3495 protoss039 the Fighter (level 9, 0/94 HPs)
             Began as a Minotaur Fighter on July 26, 2018.
             Was a Believer of Trog.
             Slain by a freezing wraith (14 damage)
             ... summoned by a vampire mage
             ... in the Dungeon (Sprint VII: "The Pits").
             The game lasted 00:12:50 (1739 turns).

protoss039 the Fighter (Minotaur Fighter)           Turns: 1739, Time: 00:12:51

Health: 0/94       AC: 19    Str: 23    XL:     9   Next: 80%
Magic:  8/8        EV:  7    Int:  5    God:    Trog [**....]
Gold:   0          SH: 13    Dex: 11    Spells: 8/8 levels left

rFire    . . .     SeeInvis .   l - +2 hand axe
rCold    . . .     Gourm    .   c - +0 shield
rNeg     . . .     Faith    .   y - +3 plate armour
rPois    .         Spirit   .   (helmet restricted)
rElec    .         Reflect  .   (no cloak)
rCorr    .         Harm     .   (no gloves)
MR       .....     NoTele   +   (no boots)
Stlth    ..........             (no amulet)
HPRegen  0.25/turn              (no ring)
MPRegen  0.11/turn              (no ring)

@: very slightly contaminated, invisible
A: retaliatory headbutt, horns 2
a: Berserk, Trog's Hand, Renounce Religion


You were in the Dungeon.
You worshipped Trog.
Trog was pleased with you.
You were not hungry.

You visited 1 branch

Inventory:

Hand Weapons
 b - a +1 broad axe of freezing
 l - a +2 hand axe (weapon)
 q - a +0 hand axe of freezing
 r - a +0 dagger
 v - a +2 scimitar of holy wrath
 w - a +2 dire flail of protection
 x - the +2 rapier of the Equinox {distort, Int+2}
   (You found it in the Dungeon)

   It warps and distorts space around it.
   Unwielding it can cause banishment or high damage.
   It affects your intelligence (+2).
Armour
 c - a +0 shield (worn)
 y - a +3 plate armour (worn)
Jewellery
 g - a +3 ring of dexterity
 h - a +3 ring of intelligence
Scrolls
 k - a scroll of blinking
 n - 3 scrolls of remove curse
 o - 5 scrolls of amnesia
 p - a scroll of summoning
Potions
 d - 2 potions of might
 e - 2 potions of curing
 i - 4 potions of magic
 j - a potion of berserk rage
 m - a potion of invisibility
 s - a potion of brilliance
 t - a potion of mutation
 u - 2 potions of heal wounds
Comestibles
 f - 7 rations


   Skills:
 + Level 13.7 Fighting
 + Level 13.5 Axes
 + Level 13.7 Armour
 + Level 13.7 Shields


You had 8 spell levels left.
You didn't know any spells.
Your spell library was empty.

Dungeon Overview and Level Annotations

Branches:
Dungeon (1/1)

Altars:
Ashenzari
Cheibriados
Dithmenos
Elyvilon
Fedhas
Gozag
Hepliaklqana
Kikubaaqudgha
Makhleb
Nemelex Xobeh
Okawaru
Qazlal
Ru
Sif Muna
Trog
Uskayaw
Vehumet
Wu Jian
Xom
Yredelemnul
Zin
The Shining One
Beogh
Jiyva
Lugonu


Innate Abilities, Weirdness & Mutations

You reflexively headbutt those who attack you in melee.
You have a pair of horns on your head.


Message History

You kill the quokka!
Trog accepts your kill.
The flying skull gives a hideous shriek!
The freezing wraith hits you but does no damage.
You block the freezing wraith's attack. Something hits you!
* * * LOW HITPOINT WARNING * * *
Something bites you but does no damage.
Unknown command.
You slash something!
You hit the freezing wraith but do no damage.
The flying skull gives a hideous shriek!
Unknown command.
Unknown command.
You hit something but do no damage. Your headbutt misses something.
You closely miss the freezing wraith.
The flying skull gives a hideous shriek!
The freezing wraith hits you!
* * * LOW HITPOINT WARNING * * *
The freezing wraith freezes you!
You die...

'#####......#..#......#
.#..##................#
.#))#####'#####''######
##).##.......##''#
.#))##.......##..#
.#.[##.......##..#
.#'###...<...##..#
....##.......##..#
....##.......##.@#
######.......##W){V....#
.#..###########..z.....+
.#.############..'S....#
.#.#....#..[[##..#....##
##)#....#).[[##..#..###
.#.'...)'....##..####
.#'#....#..).##..#
.).#....#..).#


You could see a sea snake, a jiangshi, a freezing wraith and a flying skull
(wandering).

Vanquished Creatures
  3 hell knights (D)
  A swamp dragon (D)
  An orange demon (D)
  An efreet (D)
  A spriggan (D)
  A ynoxinul (D)
  A hungry ghost (D)
  A water moccasin (D)
  A big kobold (D)
  An iron imp (D)
  A gnoll shaman (D)
  A jelly (D)
  An orc wizard (D)
  An adder (D)
  A river rat (D)
  A white imp (D)
  2 ufetubi (D)
  4 leopard geckos (D)
  2 orcs (D)
  A hobgoblin (D)
  2 jackals (D)
  2 quokkas (D)
  A ball python zombie (D)
  A frilled lizard (D)
  A quokka zombie (D)
34 creatures vanquished.

Notes
Turn   | Place    | Note
-------+----------+-------------------------------------------
     0 | D        | protoss039 the Minotaur Fighter began the quest for the Orb.
     0 | D        | Reached XP level 1. HP: 19/19 MP: 0/0
    48 | D        | Found a glowing golden altar of the Shining One.
    48 | D        | Found a glowing silver altar of Zin.
    48 | D        | Found a basalt altar of Yredelemnul.
    48 | D        | Found a shimmering altar of Xom.
    48 | D        | Found an ornate altar of the Wu Jian Council.
    48 | D        | Found a bloodstained altar of Trog.
    48 | D        | Found a deep blue altar of Sif Muna.
    48 | D        | Found a sacrificial altar of Ru.
    48 | D        | Found a stormy altar of Qazlal.
    48 | D        | Found an iron altar of Okawaru.
    48 | D        | Found a sparkling altar of Nemelex Xobeh.
    48 | D        | Found a burning altar of Makhleb.
    48 | D        | Found a viscous altar of Jiyva.
    48 | D        | Found a hazy altar of Hepliaklqana.
    48 | D        | Found an opulent altar of Gozag.
    48 | D        | Found a blossoming altar of Fedhas.
    48 | D        | Found a white marble altar of Elyvilon.
    48 | D        | Found a shadowy altar of Dithmenos.
    48 | D        | Found a snail-covered altar of Cheibriados.
    50 | D        | Found a corrupted altar of Lugonu.
    50 | D        | Found a radiant altar of Vehumet.
    50 | D        | Found a roughly hewn altar of Beogh.
    51 | D        | Found an ancient bone altar of Kikubaaqudgha.
    51 | D        | Found a hide-covered altar of Uskayaw.
    51 | D        | Found a shattered altar of Ashenzari.
    71 | D        | Reached XP level 2. HP: 14/28 MP: 1/1
    80 | D        | Reached skill level 5 in Fighting
    80 | D        | Reached skill level 5 in Armour
    80 | D        | Reached skill level 5 in Shields
    81 | D        | Reached XP level 3. HP: 8/36 MP: 2/2
   364 | D        | Noticed a hungry ghost
   393 | D        | Killed a hungry ghost
   393 | D        | Reached XP level 4. HP: 46/47 MP: 3/3
   393 | D        | Reached XP level 5. HP: 51/52 MP: 4/4
   460 | D        | Noticed a water moccasin
   478 | D        | Killed a water moccasin
   478 | D        | Reached XP level 6. HP: 62/62 MP: 5/5
   512 | D        | Noticed an orange demon
   519 | D        | Killed an orange demon
   519 | D        | Reached skill level 10 in Fighting
   519 | D        | Reached skill level 10 in Axes
   519 | D        | Reached skill level 10 in Armour
   519 | D        | Reached skill level 10 in Shields
   519 | D        | Reached XP level 7. HP: 43/73 MP: 6/6
   672 | D        | Noticed a ynoxinul
   672 | D        | Noticed a spriggan
   684 | D        | Killed a spriggan
   699 | D        | Killed a ynoxinul
   699 | D        | Reached XP level 8. HP: 68/82 MP: 7/7
   740 | D        | Became a worshipper of Trog the Wrathful
   797 | D        | Noticed a swamp dragon
   797 | D        | Noticed a hell knight
   797 | D        | Noticed a hell knight
   797 | D        | Noticed a hell knight
   797 | D        | Noticed a hell knight
   797 | D        | Noticed a hell knight
   797 | D        | Noticed an orange demon
   800 | D        | Noticed a vampire mage
   888 | D        | Killed a hell knight
   924 | D        | Killed a hell knight
   924 | D        | Reached * piety under Trog
   924 | D        | Reached XP level 9. HP: 29/92 MP: 8/8
   934 | D        | Killed a hell knight
   934 | D        | Reached ** piety under Trog
   961 | D        | Got the +2 rapier of the Equinox {distort, Int+2}
  1306 | D        | Killed a swamp dragon
  1709 | D        | Noticed an efreet
  1710 | D        | Noticed a sea snake
  1716 | D        | Noticed a freezing wraith
  1732 | D        | Killed an efreet
  1736 | D        | Noticed a jiangshi
  1739 | D        | Slain by a freezing wraith

Vault maps used:
D:        pitsprint

Skill      XL: |  1  2  3  4  5  6  7  8  9 |
---------------+----------------------------+-----
Fighting       | 4 5 7 8 10 11 12 13 | 13.7
Axes           | 3 4 6 7 10 12 13 | 13.5
Armour         | 4 5 7 8 10 11 12 13 | 13.7
Shields        | 4 5 7 8 10 11 12 13 | 13.7

Action                   |  1- 3 |  4- 6 |  7- 9 || total
-------------------------+-------+-------+-------++-------
Melee: Hand axe          |    40 |    36 |   110 ||   186
       War axe           |     4 |       |       ||     4
       Headbutt          |     4 |     2 |    26 ||    32
  Use: Potion            |       |     1 |    18 ||    19
 Stab: Invisible         |       |       |     8 ||     8
  Eat: Ration            |     1 |       |     1 ||     2
       Chunk             |       |     2 |     1 ||     3
Armor: Scale mail        |    24 |       |       ||    24
       Chain mail        |       |    17 |    22 ||    39
       Plate armour      |       |       |    55 ||    55
Dodge: Dodged            |    23 |    12 |    47 ||    82
Block: Shield            |    27 |    13 |    85 ||   125

Table legend:
 A = Spawn XP
 B = Non-spawn XP
 C = Spawn XP percentage of total XP
 D = Spawn monster count
 E = Non-spawn monster count
 F = Spawn count percentage of total count
 G = Total turns spent on level
                    A         B        C        D         E        F      G
               +---------+---------+-------+---------+---------+-------+---------
         Total |       0 |    4993 |   0.0 |       0 |      34 |   0.0 |  1739
               +---------+---------+-------+---------+---------+-------+---------
             D |       0 |    4993 |   0.0 |       0 |      34 |   0.0 |  1739
               +---------+---------+-------+---------+---------+-------+---------
